[Event "*** SCC Grand Prix: Titled Tuesday Blitz"]
[Site "Chess.com"]
[Date "2020.10.06"]
[Round "6"]
[White "Fighter008"]
[Black "pastouche06"]
[Result "1-0"]
[WhiteElo "2627"]
[BlackElo "2478"]
[TimeControl "180+1"]
[EndTime "11:08:16 PDT"]
[Termination "Fighter008 won by resignation"]

1. e4 c6 2. Nc3 d5 3. g3 d4 4.
Nce2 e5 5. d3 c5 6. Bg2 Nc6 7. Nf3 Nge7 8. O-O Ng6 9. h4 Be7 10. h5 Nf8 11. Nh2 Nd7 12. f4 exf4 13. gxf4 O-O 14. Ng3 Nf6 15. Qf3 Be6 16. f5 Bc8 17.
Bf4 Bd6 18. h6 Qc7 19. Ng4 Bxf4 20. Nxf6+ gxf6 21. Qxf4 Qxf4 22. Rxf4 Ne5 23. Nh5 Rd8 24. Nxf6+ Kh8 25. Kf2 Rd6 26. Ng4 Nxg4+ 27. Rxg4 Rxh6 28. Rg1 f6 29. Bf3 Bd7 30. Rg7 Bc6 31. Rf7 Rg8 32. Rxg8+ Kxg8 33. Rc7 Rh2+ 34. Bg2 Rh5 35. c3 dxc3 36. bxc3 Rg5 37. Bf3 Rg7 38. Rc8+ Kf7 39. d4 cxd4 40. cxd4 Rg8 41. Rc7+ Ke8 42. Rxh7 Bd7 43.
Ke3 b5 44. Kf4 Rg5 45. Bh5+ Kd8 46. Bg6 Rg2 47. e5 fxe5+ 48. dxe5 Rxa2 49. e6 Bc6 50. e7+ Kc8 51. e8=Q+ Bxe8 52. Bxe8 b4 53. Bf7 Ra4 54. Be6+ Kd8 55. Ke5 1-0

[Event "*** SCC Grand Prix: Titled Tuesday Blitz"]
[Site "Chess.com"]
[Date "2020.10.06"]
[Round "6"]
[White "anasta10"]
[Black "DrMamaliga"]
[Result "0-1"]
[WhiteElo "2469"]
[BlackElo "2356"]
[TimeControl "180+1"]
[EndTime "11:08:16 PDT"]
[Termination "DrMamaliga won by resignation"]

1. Nf3 Nf6 2. d4 c5 3. d5 b5 4. c4 e6 5. dxe6 fxe6 6. cxb5 a6 7. Nc3 axb5 8. Nxb5 Qa5+ 9. Nc3 Ne4 10. Bd2 Nxd2 11.
Qxd2 Be7 12. e4 O-O 13. Bd3 Nc6 14. O-O Nd4 15. Be2 Nxe2+ 16. Nxe2 Qb6 17. Nc3 d6 18. Rfe1 Bb7 19. Rad1 Bc6 20. Qc2 Rfb8 21. Rd2 Be8 22. h3 Bg6 23. Qc1 Rf8 24. a4 Qb4 25. Rd3 d5 26.
Rd2 d4 27. Nb5 Rxa4 28. Nc7 Qb3 29. Qc2 Qxc2 30. Rxc2 Bf7 31. Ne5 Rc8 32. Nxf7 Kxf7 33. Nb5 Rb4 34. Na3 c4 35. Rec1 d3 36. Rxc4 Rbxc4 37. Rxc4 d2 38. Rd4 Rc1+ 0-1

[Event "*** SCC Grand Prix: Titled Tuesday Blitz"]
[Site "Chess.com"]
[Date "2020.10.06"]
[Round "6"]
[White "bocah_sakit"]
[Black "Margency"]
[Result "1/2-1/2"]
[WhiteElo "2820"]
[BlackElo "2663"]
[TimeControl "180+1"]
[EndTime "11:08:17 PDT"]
[Termination "Game drawn by repetition"]

1. e4 c5 2. Nf3 d6 3. d4 cxd4 4.
Nxd4 Nf6 5. Nc3 a6 6. Bg5 e6 7. f4 Qb6 8. Qd2 Nc6 9. Nb3 Ng4 10. f5 h6 11. Bh4 Qe3+ 12. Be2 Be7 13. Bxe7 Kxe7 14.
O-O-O Qxd2+ 15. Rxd2 Nge5 16. Rhd1 Rd8 17. a4 b6 18.
fxe6 fxe6 19. Nd4 Bb7 20. Nxc6+ Bxc6 21. b3 Bb7 22. Kb2 Rac8 23. Rd4 Rc6 24. Na2 a5 25. R1d2 Rc5 26. Nc3 Bc6 27. Bb5 Bb7 28. Be2 Bc6 29. h3 g5 30. g3 Be8 31. h4 Bg6 32. Nb5 Rc6 33. Na7 Rc7 34. Nb5 Rc6 35. c3 Be8 36. b4 Nf7 37. Bh5 Ne5 38. Be2 Bf7 39. Rd1 Bg6 40.
hxg5 hxg5 41. Rh1 Nf7 42. Bf3 Ne5 43. Be2 Nf7 44. Na7 Rc7 45. Nb5 Rc6 1/2-1/2

[Event "*** SCC Grand Prix: Titled Tuesday Blitz"]
[Site "Chess.com"]
[Date "2020.10.06"]
[Round "6"]
[White "chito89"]
[Black "chessdjw"]
[Result "1-0"]
[WhiteElo "2819"]
[BlackElo "2640"]
[TimeControl "180+1"]
[EndTime "11:08:18 PDT"]
[Termination "chito89 won on time"]

1. e4 c5 2. Nf3 d6 3. d4 cxd4 4. Nxd4 Nf6 5. Nc3 a6 6. h3 e5 7.
Nb3 Be7 8. Bg5 Be6 9. Qf3 Nbd7 10. O-O-O b5 11. Kb1 O-O 12. g4 b4 13. Nd5 Nxd5 14. exd5 Bxg5 15. dxe6 fxe6 16. Qc6 Be7 17. Bc4 Rf6 18.
g5 Rg6 19. h4 Rc8 20. Qxa6 d5 21. Bd3 e4 22. Bxe4 dxe4 23. h5 Rxg5 24. Qxe6+ Kh8 25.
Rxd7 Qf8 26. Rxe7 h6 27. Qxe4 Qxf2 28. Re8+ Rxe8 29. Qxe8+ Kh7 30. Qe4+ Kh8 31. Rd1 Rg1 32. Rxg1 Qxg1+ 33. Nc1 Qb6 34. b3 Qb5 35. Qg6 Qc5 36.
Nd3 Qc3 37. Qe8+ Kh7 38. Qe4+ Kh8 39. Nxb4 Qd2 40. Kb2 Qd1 41. Nd5 Qxh5 42. Ne7 1-0

[Event "*** SCC Grand Prix: Titled Tuesday Blitz"]
[Site "Chess.com"]
[Date "2020.10.06"]
[Round "6"]
[White "NikolaGry"]
[Black "r31415"]
[Result "1-0"]
[WhiteElo "2620"]
[BlackElo "2476"]
[TimeControl "180+1"]
[EndTime "11:08:18 PDT"]
[Termination "NikolaGry won by resignation"]

1. e4 e5 2. Nf3 Nc6 3. Bb5 Nf6 4. d3 Ne7 5. O-O c6 6. Ba4 d6 7.
h3 Ng6 8. c3 Be7 9. Re1 O-O 10.
Nbd2 h6 11. Nf1 Re8 12. Bb3 Bf8 13. Ng3 Qc7 14. d4 Be6 15. Bd2 Rad8 16. Qc2 Bc8 17.
Rad1 b5 18. a4 a6 19. Bc1 Bb7 20. c4 Qb6 21. c5 dxc5 22. dxe5 Rxd1 23. Rxd1 Nxe5 24.
Nxe5 Rxe5 25. Bf4 Re8 26. Be3 Qa5 27. Bxc5 bxa4 28. Bxf8 axb3 29. Qxb3 Kxf8 30. Qxb7 Nxe4 31. Rd7 Qe1+ 32. Kh2 Qxf2 33. Nxe4 Rxe4 34. Rd8+ Re8 35. Rxe8+ Kxe8 36. Qc8+ Ke7 37. Qc7+ Ke8 38. Qxc6+ Kf8 39. Qc8+ Ke7 40. Qc7+ Kf6 41. Qc6+ Kg5 42. Qxa6 Qf4+ 43. Kh1 Qc1+ 44. Kh2 Qxb2 45. Qc8 Qe5+ 46. Kh1 f5 47. Qc1+ Qf4 48. Qc6 g6 49. Qd7 Qe5 50. Qd8+ Kh5 51. Qd1+ Kg5 52. Qd8+ Qf6 53. h4+ 1-0

[Event "*** SCC Grand Prix: Titled Tuesday Blitz"]
[Site "Chess.com"]
[Date "2020.10.06"]
[Round "6"]
[White "Susal_De_Silva"]
[Black "HrvojeZagreb"]
[Result "1-0"]
[WhiteElo "2474"]
[BlackElo "2137"]
[TimeControl "180+1"]
[EndTime "11:08:21 PDT"]
[Termination "Susal_De_Silva won on time"]

1. e4 e6 2. d4 d5 3. Nc3 dxe4 4. Nxe4 Nd7 5. Ng5 h6 6. N5f3 Ngf6 7. Bd3 b6 8. Ne2 Bb7 9. Ng3 c5 10. c3 cxd4 11. cxd4 Bb4+ 12. Bd2 Bd6 13. O-O O-O 14. Bc3 Nd5 15. Re1 Rc8 16. Ne4 Bb8 17. Bc2 N7f6 18. Rc1 Nf4 19. Nxf6+ Qxf6 20. d5 Rxc3 21. bxc3 Bxd5 22.
Qd4 e5 23. Qe3 g5 24. Be4 Bc4 25. g3 Nh3+ 26. Kg2 g4 27. Nd2 Be6 28. f3 h5 29.
fxg4 hxg4 30. Rf1 Qg7 31. Bf5 Bd5+ 32. Ne4 Ng5 33. c4 Bc6 34. Kg1 Nh3+ 35. Kh1 Rd8 36.
Rcd1 Rd4 37. Rxd4 exd4 38. Qd3 Ng5 39. Kg2 Qe5 40. Rf4 1-0

[Event "*** SCC Grand Prix: Titled Tuesday Blitz"]
[Site "Chess.com"]
[Date "2020.10.06"]
[Round "6"]
[White "zurzan"]
[Black "zajka-molotok"]
[Result "0-1"]
[WhiteElo "1945"]
[BlackElo "2473"]
[TimeControl "180+1"]
[EndTime "11:08:21 PDT"]
[Termination "zajka-molotok won on time"]

1. f4 d5 2. Nf3 c5 3. g3 Nc6 4.
Bg2 g6 5. O-O Bg7 6. d3 Nf6 7. c3 O-O 8. Na3 d4 9. e4 dxe3 10.
Bxe3 Bf5 11. d4 Ng4 12. Qe2 Nxe3 13. Qxe3 cxd4 14. cxd4 Nxd4 15. Rfd1 Nxf3+ 16. Qxf3 Qb6+ 17. Kh1 Qxb2 18. g4 Bxg4 19. Qxg4 Qxa3 20. Rab1 Rab8 21. Bd5 e6 22. Bb3 Rfd8 23. h4 Qa5 24. Rxd8+ Rxd8 25. Rd1 h5 26. Qf3 Rxd1+ 27. Qxd1 Bf6 28. Qd7 Qe1+ 29.
Kg2 Qe2+ 30. Kg1 Qe3+ 31. Kg2 Qe4+ 32. Kf1 Qxf4+ 33. Ke2 Qe4+ 34. Kd1 Bxh4 35. Qe8+ Kg7 36. Qb5 Bf6 37. Qf1 h4 38. Bc2 Qd4+ 39. Kc1 Qa1+ 40.
Bb1 Qc3+ 41. Bc2 h3 42. Qe2 Qa1+ 43. Bb1 Qc3+ 44. Kd1 Qg3 0-1

[Event "*** SCC Grand Prix: Titled Tuesday Blitz"]
[Site "Chess.com"]
[Date "2020.10.06"]
[Round "6"]
[White "bratkoo"]
[Black "Cocaino74"]
[Result "1/2-1/2"]
[WhiteElo "2548"]
[BlackElo "2379"]
[TimeControl "180+1"]
[EndTime "11:08:21 PDT"]
[Termination "Game drawn by stalemate"]

1. h3 e5 2. g4 d5 3. d4 exd4 4. Qxd4 Nc6 5. Qd1 Bc5 6. Bg2 Be6 7. Nc3 h5 8. g5 Nge7 9. a3 a5 10. Nf3 Qd7 11. Bf4 Ng6 12. Bh2 O-O-O 13. h4 Bg4 14.
Bg3 Rhe8 15. Qd2 d4 16. Nb5 Nce5 17. Qxa5 Kb8 18. O-O-O Bb6 19. Qa4 Nxf3 20. exf3 Bf5 21. Rhe1 Rxe1 22. Rxe1 d3 23. Rd1 d2+ 24. Kb1 Qc6 25.
Nc3 Qxa4 26. Nxa4 Ne7 27. Nxb6 Ka7 28. Nc4 b5 29. Rxd2 Rc8 30. Ne3 c5 31. Nxf5 Nxf5 32. Rd7+ Kb6 33. Rxf7 Nd4 34. c3 Ne2 35. Kc2 b4 36. Bf1 Ng1 37. Bc4 Nxf3 38. Rxf3 b3+ 39.
Kxb3 Rd8 40. Kc2 Ka5 41. Rf7 g6 42. Bc7+ Ka4 43. Bxd8 1/2-1/2

[Event "*** SCC Grand Prix: Titled Tuesday Blitz"]
[Site "Chess.com"]
[Date "2020.10.06"]
[Round "6"]
[White "VinzentSpitzl"]
[Black "brunomorado"]
[Result "0-1"]
[WhiteElo "2323"]
[BlackElo "2444"]
[TimeControl "180+1"]
[EndTime "11:08:21 PDT"]
[Termination "brunomorado won by resignation"]

1. d4 d5 2. Nf3 Nf6 3. g3 Bf5 4. Bg2 e6 5. O-O c5 6. c4 Nc6 7. Nc3 dxc4 8. Be3 Ng4 9. Bf4 cxd4 10. Nb5 e5 11. Nh4 Be6 12. f3 exf4 13. fxg4 fxg3 14. hxg3 Bc5 15. Nf5 a6 16. Nxg7+ Ke7 17. Nf5+ Bxf5 18. Rxf5 Bb6 19. Na3 d3+ 20. Kh2 Qd4 21. Qf1 Ne5 22. Rxe5+ Qxe5 23. Nxc4 Qd4 24. Nxb6 Qxb6 25. exd3 Rae8 26.
Bd5 Kd8 27. Rc1 Re7 28. Qf5 Qh6+ 29. Kg2 Qxc1 30. Qf6 Re8 31. Qd6+ Rd7 32. Qb8+ Qc8 33. Qa7 Rxd5 34. Qb6+ Qc7 35. Qf6+ Qe7 36. Qb6+ Kc8 0-1

[Event "*** SCC Grand Prix: Titled Tuesday Blitz"]
[Site "Chess.com"]
[Date "2020.10.06"]
[Round "6"]
[White "Zhigalko_Sergei"]
[Black "swimmerchess"]
[Result "1-0"]
[WhiteElo "2931"]
[BlackElo "2814"]
[TimeControl "180+1"]
[EndTime "11:08:23 PDT"]
[Termination "Zhigalko_Sergei won on time"]

1. e4 e5 2. Nf3 Nc6 3. Bb5 a6 4. Ba4 Nf6 5. O-O Be7 6. Re1 b5 7. Bb3 d6 8. c3 O-O 9. h3 Bb7 10. d3 Re8 11. Ng5 Rf8 12. Nf3 Re8 13. Ng5 Rf8 14. Nd2 Nd7 15. Ngf3 Nc5 16. Bc2 Kh8 17.
d4 Nd7 18. Nf1 Bf6 19. Ng3 g6 20. Bh6 Re8 21. Qd2 Qe7 22. Rad1 Rad8 23. Bg5 Bxg5 24.
Nxg5 f6 25. Nf3 Qg7 26. a4 Nb6 27. axb5 axb5 28. Bd3 b4 29. Bb5 Re7 30. Bxc6 Bxc6 31. cxb4 Bb7 32. b5 Rf8 33. Rc1 f5 34. dxe5 dxe5 35.
Rc5 Na4 36. Rc2 Nb6 37. Qb4 f4 38. Nf1 g5 39. Rec1 h5 40. Rxc7 1-0

[Event "*** SCC Grand Prix: Titled Tuesday Blitz"]
[Site "Chess.com"]
[Date "2020.10.06"]
[Round "6"]
[White "PSvidler"]
[Black "emiliocordova"]
[Result "1-0"]
[WhiteElo "2912"]
[BlackElo "2786"]
[TimeControl "180+1"]
[EndTime "11:08:23 PDT"]
[Termination "PSvidler won by resignation"]

1. c4 e5 2. g3 Nc6 3. Bg2 Bc5 4. e3 d6 5. Ne2 Nge7 6. d4 Bb6 7. Nbc3 Bg4 8. h3 Bxe2 9. Nxe2 exd4 10. exd4 Nf5 11. Bxc6+ bxc6 12. Qd3 Qf6 13. Be3 O-O 14. O-O-O Rab8 15. Rhf1 c5 16. g4 cxd4 17. Nxd4 Nxd4 18. Bxd4 Bxd4 19.
Qxd4 Qh6+ 20. Qe3 Qxe3+ 21. fxe3 Rfe8 22. Rd3 Re4 23. b3 f6 24. Rf5 Re5 25. Kd2 Kf7 26.
Rd5 Re7 27. Ra5 c6 28. Ra6 Rc8 29. b4 Rcc7 30. a3 g6 31. Rfa5 Red7 32. Kd3 Re7 33.
a4 Ke8 34. b5 cxb5 35. axb5 Red7 36. Kd4 Ke7 37. Rc6 Rb7 38. Kd5 Kf7 39. Raa6 Re7 40. Rxd6 Rxe3 41. Rxf6+ Kg7 42. Rfe6 Rxh3 43. Rad6 Kh6 44.
Kc6 Rf7 45. c5 Rc3 46. Re5 Rf4 47. Rd7 Rxg4 48. Rxa7 Rgc4 49. b6 Rb4 50. Ra5 Rcb3 51. Kc7 g5 52. Ra6 g4 53. b7+ Kg7 54. Rb6 1-0

[Event "*** SCC Grand Prix: Titled Tuesday Blitz"]
[Site "Chess.com"]
[Date "2020.10.06"]
[Round "6"]
[White "sergeikim"]
[Black "MrChampion_Coach"]
[Result "1-0"]
[WhiteElo "2531"]
[BlackElo "2385"]
[TimeControl "180+1"]
[EndTime "11:08:24 PDT"]
[Termination "sergeikim won on time"]

1. d4 Nf6 2. c4 e6 3. Nc3 Bb4 4. Qc2 d6 5. a3 Bxc3+ 6. Qxc3 O-O 7. Nf3 Nc6 8. g3 e5 9. d5 e4 10. dxc6 exf3 11. Qxf3 bxc6 12. Bg2 Re8 13. O-O Rb8 14. b4 Ba6 15. Qc3 Rxe2 16. Bxc6 Qe7 17. Bf3 Re6 18. Bb2 Bb7 19. Bxb7 Rxb7 20. Rac1 Rb8 21. c5 d5 22.
Rfd1 c6 23. Re1 Re8 24. Rxe6 Qxe6 25. Qd3 Ne4 26. Qd4 f6 27. h4 Qf5 28. Re1 Rb8 29.
Kg2 Qg6 30. Re3 h5 31. Rf3 Kh7 32. Rf4 Re8 33. b5 cxb5 34. Qxd5 Nxg3 35. fxg3 Re2+ 36. Rf2 Rxf2+ 37. Kxf2 Qc2+ 38. Ke3 Qxb2 39. Qxh5+ Kg8 40. Qd5+ Kh8 41. c6 Qc3+ 42. Ke4 Qc2+ 43. Kf4 Qc1+ 44.
Kf5 Qxa3 45. Ke6 Qc1 46. Kd7 1-0

[Event "*** SCC Grand Prix: Titled Tuesday Blitz"]
[Site "Chess.com"]
[Date "2020.10.06"]
[Round "6"]
[White "Witik"]
[Black "26andrej26"]
[Result "1-0"]
[WhiteElo "2702"]
[BlackElo "2536"]
[TimeControl "180+1"]
[EndTime "11:08:25 PDT"]
[Termination "Witik won by checkmate"]

1. d4 Nf6 2. c4 g6 3. Nc3 Bg7 4. e4 d6 5. f3 O-O 6. Be3 a6 7. Nge2 Nbd7 8. a4 c5 9. d5 Ne5 10. Ng3 h5 11. Be2 h4 12. Nf1 e6 13. Bg5 Qb6 14. Qc2 h3 15. g4 Re8 16. Ne3 Qa5 17. O-O Ned7 18. Kh1 Nh7 19. Bh4 Bd4 20. Qd2 Ndf6 21.
g5 Nh5 22. f4 Ng7 23. Bf3 Nf8 24. Ng4 exd5 25. Nh6+ Kh7 26. cxd5 Qc7 27. Ne2 f5 28. gxf6 Kxh6 29. Nxd4 cxd4 30. fxg7 Qxg7 31. f5+ Kh7 32. Rg1 Qe5 33. Qg5 Qg7 34. Rg3 Qh6 35. Rxh3 Qxg5 36. Bxg5+ Kg8 37. Bf6 gxf5 38. Bxd4 Kf7 39.
Rg3 fxe4 40. Bh5+ Ke7 41. Rg7+ Kd8 42. Bf6+ Re7 43. Bxe7+ Kc7 44. Bxf8+ Kb6 45. Bxd6 Ka5 46. b4+ Kb6 47. Bc5# 1-0

[Event "*** SCC Grand Prix: Titled Tuesday Blitz"]
[Site "Chess.com"]
[Date "2020.10.06"]
[Round "6"]
[White "alejanchess73"]
[Black "NotFischer"]
[Result "1-0"]
[WhiteElo "2431"]
[BlackElo "2283"]
[TimeControl "180+1"]
[EndTime "11:08:25 PDT"]
[Termination "alejanchess73 won by resignation"]

1. d4 Nf6 2. c4 e6 3. g3 d5 4. Bg2 Be7 5. Qc2 O-O 6. Nf3 Nbd7 7. O-O c6 8. Nbd2 b6 9. Rd1 Bb7 10. b3 Rc8 11. Bb2 Qc7 12. Rac1 Qb8 13. Qb1 Rfd8 14. e4 dxe4 15. Nxe4 Nxe4 16. Qxe4 Nf6 17. Qe2 Bf8 18. h4 h6 19. Ne5 c5 20. dxc5 Bxc5 21. Nd3 Be7 22. Bxb7 Qxb7 23. Ne5 Rxd1+ 24. Rxd1 Rd8 25. Rxd8+ Bxd8 26. Qf3 Qxf3 27. Nxf3 Kf8 28. Kf1 Bc7 29. Ke2 Ke7 30. Kd3 a6 31. b4 g6 32. Nd4 Ng4 33. f4 Kd7 34. b5 axb5 35. cxb5 e5 36. Ne2 f5 37. fxe5 Nxe5+ 38. Bxe5 Bxe5 39. Kc4 Kd6 40. a4 g5 41. h5 Ke6 42. a5 bxa5 43.
b6 Kd6 44. Kb5 a4 45. Kxa4 Kc6 46. Ka5 f4 47. gxf4 gxf4 48. Ng1 Kd5 49. b7 Ke4 50. Nh3 f3 51. Nf2+ Ke3 52. Ng4+ Ke2 53. Nxe5 f2 54.
b8=Q f1=Q 55. Qb5+ Kf2 56. Qxf1+ Kxf1 57. Nf7 Kf2 58.
Nxh6 Kf3 59. Ng4 Kxg4 60. h6 Kg5 61. h7 1-0

[Event "*** SCC Grand Prix: Titled Tuesday Blitz"]
[Site "Chess.com"]
[Date "2020.10.06"]
[Round "6"]
[White "PavelChernomordik"]
[Black "karwowskikacper"]
[Result "1/2-1/2"]
[WhiteElo "2360"]
[BlackElo "2466"]
[TimeControl "180+1"]
[EndTime "11:08:26 PDT"]
[Termination "Game drawn by agreement"]

1. e4 c5 2. Nc3 Nc6 3. Bb5 g6 4. Bxc6 dxc6 5. f4 Bg7 6. Nf3 e6 7. e5 Nh6 8. Ne4 c4 9. Nd6+ Kf8 10. Nxc4 Nf5 11. d4 h5 12. O-O b6 13. c3 Ba6 14. b3 Qd5 15. Qe2 c5 16. dxc5 Qxc5+ 17.
Kh1 h4 18. Be3 Nxe3 19. Qxe3 Qxe3 20. Nxe3 Bxf1 21. Rxf1 Ke7 22. Nc4 Rac8 23. Nd4 Rhd8 24. a4 Kf8 25. g3 hxg3 26. hxg3 Kg8 27. Kg2 Bf8 28. Kf3 Bb4 29. Nb5 Bxc3 30. Ncd6 Rc5 31. Ne4 a6 32. Nxc5 axb5 33. Ne4 bxa4 34. bxa4 Ba5 35.
Nf6+ Kf8 36. Rh1 Ke7 37. Rc1 Rd3+ 38. Ke4 Rc3 39. Rd1 Rc4+ 40. Kf3 Rc7 41. g4 Bc3 42. g5 Ra7 43. Ke3 Bb4 44. Rd3 Bc5+ 45. Kf3 1/2-1/2

[Event "*** SCC Grand Prix: Titled Tuesday Blitz"]
[Site "Chess.com"]
[Date "2020.10.06"]
[Round "6"]
[White "esskeettit"]
[Black "underthebridge1999"]
[Result "0-1"]
[WhiteElo "2409"]
[BlackElo "2263"]
[TimeControl "180+1"]
[EndTime "11:08:26 PDT"]
[Termination "underthebridge1999 won by checkmate"]

1. d4 d5 2. c4 c6 3. e3 Nf6 4.
Nc3 e6 5. Nf3 Nbd7 6. Bd3 dxc4 7.
Bxc4 b5 8. Bd3 Bd6 9. O-O O-O 10.
a4 b4 11. Ne4 Nxe4 12. Bxe4 Bb7 13. Qe2 a5 14. Rd1 h6 15. b3 Qe7 16. Bb2 Ba6 17. Qd2 Rac8 18. Rac1 Bb7 19. Bb1 Rfd8 20. e4 e5 21. Qe2 c5 22. d5 c4 23. bxc4 Ba6 24. Nd2 Nb6 25. Bc2 Nxc4 26. Nxc4 Bxc4 27. Bd3 Bb3 28.
Rxc8 Rxc8 29. Ra1 Qc7 30. h4 Bc4 31. Rc1 Bxd3 32. Qxd3 Qd7 33. Rxc8+ Qxc8 34. Kh2 Qd7 35. Qa6 Bc5 36. Qa8+ Kh7 37. Bxe5 Bxf2 38. g3 Qxa4 39. Qf8 f6 40. Bxf6 gxf6 41. Qf7+ Kh8 42. Qf8+ Kh7 43.
Qf7+ Kh8 44. Qxf6+ Kg8 45. Qxf2 b3 46. d6 Kh7 47.
Qf7+ Kh8 48. d7 Qd4 49. Qe8+ Kg7 50. Qe7+ Kg6 51. d8=Q Qf2+ 52. Kh3 Qf1+ 53. Kg4 h5# 0-1

[Event "*** SCC Grand Prix: Titled Tuesday Blitz"]
[Site "Chess.com"]
[Date "2020.10.06"]
[Round "6"]
[White "Gahan-MG"]
[Black "alexrustemov"]
[Result "1-0"]
[WhiteElo "2594"]
[BlackElo "2730"]
[TimeControl "180+1"]
[EndTime "11:08:28 PDT"]
[Termination "Gahan-MG won by resignation"]

1. e4 e6 2. b3 d5 3. Bb2 Nf6 4. e5 Nfd7 5. c4 c5 6. cxd5 exd5 7. f4 Nc6 8. Nf3 d4 9. Bc4 Nb6 10.
O-O Nxc4 11. bxc4 Be7 12. d3 Bf5 13. Ne1 Qd7 14. Nd2 O-O 15. Ne4 b6 16. Qf3 f6 17.
exf6 Bxf6 18. h3 Bh4 19. g4 Bxe4 20. dxe4 g5 21. Ng2 Na5 22. Nxh4 gxh4 23. Rac1 Qe6 24. Qd3 Rae8 25. e5 Qg6 26. f5 Qg5 27. Rce1 Qg7 28.
e6 Qc7 29. Bc1 Qg3+ 30. Qxg3 hxg3 31. Bh6 Rf6 32. g5 Rxh6 33. gxh6 Nxc4 34. f6 Kf8 35.
Rf3 Ne3 36. Rfxe3 dxe3 37. Rxe3 c4 38. a4 a6 39. Kg2 b5 40. axb5 axb5 41. Kxg3 b4 42.
f7 Rb8 43. Kf4 b3 44. Rg3 Ke7 45. Rg8 Rf8 46. Ke5 Rxf7 47. exf7 Kxf7 48. Rb8 Kg6 49. Rb4 Kxh6 50. Rxc4 Kg5 51. Rb4 b2 52. Rxb2 Kh4 53. Rb7 1-0

[Event "*** SCC Grand Prix: Titled Tuesday Blitz"]
[Site "Chess.com"]
[Date "2020.10.06"]
[Round "6"]
[White "pavelalexandru07"]
[Black "zmeeed67"]
[Result "0-1"]
[WhiteElo "2231"]
[BlackElo "2370"]
[TimeControl "180+1"]
[EndTime "11:08:28 PDT"]
[Termination "zmeeed67 won on time"]

1. e4 Nc6 2. d4 d6 3. Nf3 Nf6 4. Nc3 Bg4 5. Be2 e5 6. d5 Ne7 7. Bg5 Ng6 8. h3 Bd7 9. Qd2 Be7 10. O-O-O a6 11. g4 h6 12. Be3 b5 13. Bd3 c5 14. dxc6 Bxc6 15. a3 O-O 16. Rdg1 a5 17. g5 hxg5 18. Nxg5 b4 19. Nb1 Nh5 20. Nxf7 Kxf7 21.
Bc4+ d5 22. exd5 Bb7 23. d6+ Ke8 24. Rxg6 Bxh1 25. Qd1 Nf4 26. Bxf4 Rxf4 27. Qh5 Bxd6 28.
Rxd6+ Ke7 29. Re6+ Kd7 30. Qd1+ Rd4 31. Qxh1 Rc8 32.
Bb3 Qc7 33. Nd2 a4 34. Bxa4+ Kxe6 35. Bb3+ Ke7 36. Qf3 Rf4 37. Qh5 Qd6 38. Qh7 Qf6 39. Qh5 Rd8 40. Nc4 e4 0-1

[Event "*** SCC Grand Prix: Titled Tuesday Blitz"]
[Site "Chess.com"]
[Date "2020.10.06"]
[Round "6"]
[White "TomiLen"]
[Black "dretch"]
[Result "0-1"]
[WhiteElo "2560"]
[BlackElo "2849"]
[TimeControl "180+1"]
[EndTime "11:08:29 PDT"]
[Termination "dretch won on time"]

1. c4 c6 2. d4 d5 3. Nf3 Nf6 4. Nc3 dxc4 5. a4 Bf5 6. e3 e6 7.
Bxc4 Bb4 8. O-O O-O 9. Qe2 Nbd7 10. e4 Bg4 11. h3 Bxf3 12. Qxf3 Nb6 13. Bb3 Qxd4 14. a5 Nbd7 15. Be3 Qd6 16. a6 b5 17. Rfd1 Qe7 18. Bg5 Qc5 19. Be3 Qe7 20. Bg5 Rfd8 21. Rxd7 Qxd7 22. e5 Nd5 23. Bxd8 Rxd8 24. Nxd5 cxd5 25.
Rc1 Ba5 26. Qd3 g6 27. Rc5 Bb6 28. Rxb5 Qc7 29. Qc3 Qxc3 30. bxc3 Rc8 31. c4 dxc4 32. Bc2 Rf8 33. Kf1 Rd8 34. Ke2 Kf8 35. f4 Ke7 36.
Be4 c3 37. Rb3 Rd2+ 38. Kf3 Bd4 39. Rb7+ Ke8 40. Rc7 Rf2+ 41. Kg4 Re2 42. Bb1 Rxg2+ 43. Kf3 Rb2 0-1

[Event "*** SCC Grand Prix: Titled Tuesday Blitz"]
[Site "Chess.com"]
[Date "2020.10.06"]
[Round "6"]
[White "Me_ch_an"]
[Black "rududuyk"]
[Result "0-1"]
[WhiteElo "2296"]
[BlackElo "2159"]
[TimeControl "180+1"]
[EndTime "11:08:29 PDT"]
[Termination "rududuyk won on time"]

1. e4 e6 2. d4 d5 3. e5 c5 4. c3 Nc6 5. g3 Bd7 6. Ne2 f6 7. Nf4 Nge7 8. exf6 Ng6 9. Nxg6 hxg6 10. fxg7 Bxg7 11.
Bd3 Qf6 12. Qg4 O-O-O 13. Bg5 Qf8 14. Bxd8 Nxd8 15. Bxg6 e5 16. Qg5 Bf6 17. Qd2 exd4 18. cxd4 Bxd4 19. Nc3 Bg4 20. O-O Rh6 21. Qg5 Be6 22.
Nxd5 Qg7 23. Ne7+ Kb8 24. Rae1 Bf6 25. Qf4+ Ka8 26. Nf5 Qxg6 27. Nxh6 Bg5 28. Qf8 Qxh6 29. Qxh6 Bxh6 30. f4 Kb8 31. f5 Bc4 32. Rf2 Nf7 33. Kg2 Bg7 34. h3 Bd4 35. g4 Bd5+ 36.
Kg3 Bxf2+ 37. Kxf2 Ng5 38. Kg3 Ne4+ 39. Kf4 Nd6 40.
Rd1 Bxa2 41. Rxd6 Kc7 0-1

[Event "*** SCC Grand Prix: Titled Tuesday Blitz"]
[Site "Chess.com"]
[Date "2020.10.06"]
[Round "6"]
[White "tsvet2005"]
[Black "As0nchess"]
[Result "1-0"]
[WhiteElo "2681"]
[BlackElo "2504"]
[TimeControl "180+1"]
[EndTime "11:08:30 PDT"]
[Termination "tsvet2005 won on time"]

1. d4 Nf6 2. c4 e6 3. Nc3 Bb4 4. f3 c5 5. d5 b5 6. e4 d6 7. Bd2 a6 8. cxb5 exd5 9. Nxd5 Nxd5 10. exd5 Bxd2+ 11. Qxd2 O-O 12. Bd3 Re8+ 13. Ne2 c4 14.
Bc2 Qh4+ 15. g3 Qh3 16. O-O-O axb5 17. Kb1 Na6 18. Rhe1 Bd7 19. Nf4 Qh6 20. Rxe8+ Rxe8 21. h4 Nc5 22. Re1 Rxe1+ 23. Qxe1 Qf6 24. Qe3 g6 25. h5 g5 26. Ne2 h6 27. Nd4 Kg7 28. a3 Kf8 29. f4 gxf4 30. gxf4 Qh4 31. Bf5 Qh1+ 32. Ka2 Nb3 33. Bb1 Nc1+ 34. Ka1 Qxd5 35. f5 Kg7 36. f6+ Kxf6 37. Qxh6+ Ke7 38. Qxc1 Qxd4 39. h6 b4 40. h7 bxa3 41. Qg5+ Ke6 42. Bf5+ Kd5 43. Bxd7+ Qe5 44. Qxe5+ dxe5 45. h8=Q 1-0

[Event "*** SCC Grand Prix: Titled Tuesday Blitz"]
[Site "Chess.com"]
[Date "2020.10.06"]
[Round "6"]
[White "elamier"]
[Black "StellarChessPro"]
[Result "1/2-1/2"]
[WhiteElo "2348"]
[BlackElo "2460"]
[TimeControl "180+1"]
[EndTime "11:08:30 PDT"]
[Termination "Game drawn - insufficient material"]

1. d4 g6 2. Nf3 Bg7 3. g3 d6 4.
Bg2 Nf6 5. O-O O-O 6. a4 a5 7. Nc3 Nbd7 8. e4 e5 9. Re1 Re8 10.
h3 b6 11. dxe5 dxe5 12. Be3 Bb7 13. Nd2 Qe7 14. Nc4 Rad8 15. Qc1 Nc5 16. Bxc5 Qxc5 17. Ne3 Rd4 18. Ned5 Nxd5 19. Nxd5 c6 20. c3 Rxd5 21. exd5 cxd5 22. b4 axb4 23. cxb4 Qxb4 24. Qc7 Ba8 25. Rab1 Qxa4 26. Rxb6 e4 27. Rb8 Bf8 28. Rxe8 Qxe8 29. Rb1 Qc6 30. Qd8 e3 31. fxe3 Bb7 32. Kh2 h5 33. h4 Kg7 34. Rd1 Qe6 35. Bxd5 Bxd5 36. Qxd5 Qxe3 37. Qd4+ Qxd4 38. Rxd4 Be7 39. Rd7 Bf6 40. Kg2 Be5 41. Kf3 Kf6 42. Rb7 Ke6 43. g4 hxg4+ 44. Kxg4 Bf6 45. Rb6+ Ke7 46. Rb7+ Ke6 47.
Rb6+ Ke7 48. Ra6 Bb2 49. Rb6 Bc1 50. Rb7+ Ke6 51. Rb6+ Ke7 52. Rb7+ Kf8 53. Kh3 Kg7 54. Rc7 Bd2 55. Rd7 Be3 56. Re7 Bf4 57. Rb7 Kf6 58.
Kg4 Be5 59. h5 gxh5+ 60. Kxh5 Ke6 61. Rxf7 Kxf7 1/2-1/2

[Event "*** SCC Grand Prix: Titled Tuesday Blitz"]
[Site "Chess.com"]
[Date "2020.10.06"]
[Round "6"]
[White "youngKID"]
[Black "ORS1984"]
[Result "1-0"]
[WhiteElo "2800"]
[BlackElo "2507"]
[TimeControl "180+1"]
[EndTime "11:08:31 PDT"]
[Termination "youngKID won by resignation"]

1. Nf3 d5 2. d4 Nf6 3. Bf4 c5 4. e3 Nc6 5. c3 Nh5 6. Be5 f6 7. Bg3 cxd4 8. exd4 g6 9. Bb5 Bh6 10. O-O O-O 11. Re1 a6 12. Bf1 Bg4 13. h3 Nxg3 14. hxg4 Nxf1 15. Kxf1 Qd6 16. Na3 Rad8 17. Qe2 Qf4 18.
Ng1 e5 19. Nh3 Qh2 20. Nc2 f5 21. dxe5 fxg4 22. Qxg4 Nxe5 23. Qe6+ Nf7 24. Nd4 Kh8 25. Ng1 Bg7 26. Ndf3 Qh5 27. Rad1 Nh6 28. Qh3 Qf5 29. Qxf5 Nxf5 30. Nh3 d4 31. Nhg5 dxc3 32. Rxd8 Rxd8 33.
Nf7+ Kg8 34. Nxd8 cxb2 35. Nxb7 Nd4 36. Nxd4 Bxd4 37. Rb1 Kg7 38. Nd6 Kf6 39. Nc4 1-0